 Dungeon Crawl Stone Soup version 0.16.2-2-g470672f (webtiles) character file.

2231 monobi the Martial Artist (level 9, -7/78 HPs)
             Began as a Minotaur Monk on Sept 2, 2015.
             Mangled by ztt's ghost (15 damage)
             ... in a bailey.
             The game lasted 00:29:27 (5345 turns).

monobi the Martial Artist (Minotaur Monk)           Turns: 5345, Time: 00:29:27

Health: -7/78      AC:  8    Str: 16    XL:     9   Next: 14%
Magic:  4/4        EV: 17    Int:  7    God:
Gold:   206        SH:  0    Dex: 20    Spells: 0 memorised, 8 levels left

rFire  + + .     SeeInvis .     z - +6 spear of the Undead {pierce, -Cast rF+ rC+ Dex+4 Stlth+}
rCold  . . .     Clarity  .     g - +2 leather armour {MR+}
rNeg   . . .     SustAb   .     (no shield)
rPois  .         Gourm    .     (helmet restricted)
rElec  .         Spirit   .     (no cloak)
rCorr  .         Warding  .     a - +1 pair of gloves
rMut   .         Stasis   .     n - +0 pair of boots
MR     +....     NoCast   +     (no amulet)
Stlth  ++++......               (no ring)
                                B - ring of fire

@: somewhat resistant to hostile enchantments, stealthy
A: retaliatory headbutt, horns 2
a: no special abilities


You were in a bailey.
You were not hungry.

You visited 1 branch of the dungeon, and saw 7 of its levels.
You also visited: Bailey.

You collected 296 gold pieces.
You spent 90 gold pieces at shops.

Inventory:

Hand weapons
 i - a +1 vampiric dagger
 t - a +3 trident of protection
 y - a +1 dagger of holy wrath
 z - the +6 spear of the Undead (weapon) {pierce, -Cast rF+ rC+ Dex+4 Stlth+}
   (You found it on level 5 of the Dungeon)

   It inflicts extra damage upon your enemies.
   It affects your dexterity (+4).
   It protects you from fire.
   It protects you from cold.
   It prevents spellcasting.
   It makes you more stealthy.
 E - a +0 halberd of electrocution
Missiles
 D - 32 tomahawks of returning (quivered)
Armour
 a - a +1 pair of gloves (worn)
 g - a +2 leather armour of magic resistance (worn)
 n - a +0 pair of boots (worn)
Jewellery
 B - a ring of fire (left hand)
Magical devices
 s - a wand of fireball (8)
 w - a wand of paralysis (13)
Scrolls
 e - 2 scrolls of random uselessness
 h - a scroll of magic mapping
 k - 6 scrolls of remove curse
 r - a scroll of recharging
 v - a scroll of identify
 C - a scroll of immolation {unknown}
Potions
 c - a potion of restore abilities {unknown}
 f - a potion of cure mutation
 j - a potion of curing
 l - 3 potions of might {unknown}
 o - 2 potions of magic {unknown}
 q - a potion of poison {unknown}
 u - 2 potions of cancellation {unknown}
Comestibles
 b - 4 bread rations
 d - 7 fruits
 m - 4 chunks of flesh
 p - a slice of pizza
 x - 2 meat rations
 A - a beef jerky


   Skills:
 + Level 6.4 Fighting
 * Level 4.3 Polearms
 + Level 3.5 Armour
 + Level 6.4 Dodging
 * Level 5.8 Stealth
 + Level 8.1 Unarmed Combat


You had 8 spell levels left.
You didn't know any spells.

Dungeon Overview and Level Annotations

Branches:
Dungeon (7/15)
 Temple: D:4-7

Altars:
Gozag
Okawaru
Sif Muna
Xom
Yredelemnul
Zin

Annotations:
Bailey ztt's ghost, experienced MiFi


Innate Abilities, Weirdness & Mutations

You reflexively headbutt those who attack you in melee.
You have a pair of horns on your head.


Message History

Ztt's ghost hits you.
The gnoll hits you from afar with a halberd!
Drink which item? (? for menu, Esc to quit)
You feel better. Ztt's ghost hits you!!
* * * LOW HITPOINT WARNING * * *
The gnoll hits you but does no damage.
There is an open door here.
Drink which item? (? for menu, Esc to quit)
You feel better.
Ztt's ghost hits you but does no damage.
You hit ztt's ghost but do no damage.
Ztt's ghost is lightly damaged.
Ztt's ghost hits you!
* * * LOW HITPOINT WARNING * * *
Read which item? (? for menu, Esc to quit)
Okay, then.
Drink which item? (? for menu, Esc to quit)
It was a potion of cure mutation.
It has a very clean taste.
Ztt's ghost hits you!
You die...

##'## .....#
.....## ..⌠..'.
gK...# ##g.g..# #
##K# #'# #g# #W##
#g#g# #@# ### ###
### #.###.#
#.#)###.#
##'##'##'# #'##'##
##....)# ##.....
###.)...#####.....
#.'.††..'.#.'..∩†.
###..%..#####.....
#.....## ##..÷..
#'##'##'###'##'##


You could see ztt's ghost, a gnoll, a hobgoblin and 2 kobolds.

Vanquished Creatures
  The ghost of hannobal the Conjurer, an experienced TeAE of Vehumet (D:6)
  Prince Ribbit (D:6)
  2 ice beasts
  2 ogres (D:6)
  A phantom (D:6)
  2 centaurs (D:7)
  3 giant frogs (D:6)
  A scorpion (D:5)
  A hound (D:7)
  A crimson imp (D:5)
  A centaur skeleton (D:4)
  3 orc priests (D:5)
  5 orc wizards
  5 worker ants
  A quasit (D:7)
  A hound zombie (D:6)
  12 adders
  8 gnolls
  A giant mite (D:3)
  A shadow imp (D:7)
  An adder skeleton (D:5)
  2 oozes (D:1)
  24 orcs
  3 bat skeletons
  13 giant cockroaches
  21 goblins
  14 hobgoblins
  15 jackals
  A quokka (D:3)
  A ball python (D:5)
  11 bats
  2 giant newts
  18 kobolds
  A quokka skeleton (D:5)
  17 rats
197 creatures vanquished.

Notes
Turn   | Place    | Note
--------------------------------------------------------------
     0 | D:1      | monobi, the Minotaur Monk, began the quest for the Orb.
     0 | D:1      | Reached XP level 1. HP: 19/19 MP: 1/1
     2 | D:1      | Found a runed door.
   123 | D:1      | Reached XP level 2. HP: 25/27 MP: 1/1
   439 | D:1      | Reached skill level 5 in Unarmed Combat
   743 | D:1      | Reached XP level 3. HP: 33/33 MP: 2/2
   811 | D:2      | Found a basalt altar of Yredelemnul.
   836 | D:2      | Found a deep blue altar of Sif Muna.
   936 | D:2      | Found an opulent altar of Gozag.
  1156 | D:2      | Reached XP level 4. HP: 35/40 MP: 2/2
  1749 | D:3      | Reached skill level 1 in Armour
  1779 | D:3      | Reached XP level 5. HP: 41/47 MP: 2/2
  2167 | D:4      | Found a glowing silver altar of Zin.
  2168 | D:4      | Found Zin's Purification Station.
  2173 | D:4      | Bought a potion of curing for 90 gold pieces
  2214 | D:4      | Found an iron altar of Okawaru.
  2506 | D:4      | Reached skill level 6 in Unarmed Combat
  2624 | D:4      | Reached XP level 6. HP: 48/53 MP: 3/3
  2813 | D:5      | Entered Level 5 of the Dungeon
  2823 | D:5      | Reached skill level 5 in Fighting
  3110 | D:5      | Reached XP level 7. HP: 52/61 MP: 3/3
  3119 | D:5      | Reached skill level 7 in Unarmed Combat
  3641 | D:5      | Got a polished spear
  3642 | D:5      | Identified the +6 spear of the Undead {pierce, -Cast rF+ rC+ Dex+4 Stlth+} (You found it on level 5 of the Dungeon)
  3933 | D:6      | Reached skill level 5 in Dodging
  4194 | D:6      | Noticed hannobal's ghost (experienced TeAE)
  4205 | D:6      | Killed hannobal's ghost
  4205 | D:6      | Reached XP level 8. HP: 57/70 MP: 3/3
  4207 | D:6      | Found a shimmering altar of Xom.
  4331 | D:6      | Noticed Prince Ribbit
  4343 | D:6      | Killed Prince Ribbit
  4343 | D:6      | Reached skill level 8 in Unarmed Combat
  4503 | D:6      | Reached skill level 5 in Stealth
  5006 | D:7      | Reached XP level 9. HP: 42/75 MP: 4/4
  5172 | D:7      | Found a flagged portal.
  5204 | Bailey   | Entered a bailey
  5329 | Bailey   | Noticed ztt's ghost (experienced MiFi)
  5345 | Bailey   | Mangled by ztt's ghost

Action                   |  1- 3 |  4- 6 |  7- 9 || total
-------------------------+-------+-------+-------++-------
Melee: Unarmed           |   103 |   139 |    71 ||   313
       Spear             |       |       |   151 ||   151
  Use: Scroll            |     1 |       |     9 ||    10
       Potion            |       |       |     4 ||     4
 Stab: Sleeping          |     4 |     2 |    12 ||    18
       Distracted        |       |       |     2 ||     2
  Eat: Meat ration       |       |     1 |       ||     1
       Fruit             |       |     1 |     1 ||     2
       Chunk             |       |       |     8 ||     8
